 Dungeon Crawl Stone Soup version 0.17.1-2-g5865329 (webtiles) character file.

99 Peloso the Shield-Bearer (level 4, -1/40 HPs)
             Began as a Minotaur Fighter on Jan 24, 2016.
             Slain by an orc
             ... wielding a +0 flail
              (7 damage)
             ... on level 3 of the Dungeon.
             The game lasted 00:02:29 (1170 turns).

Peloso the Shield-Bearer (Minotaur Fighter)         Turns: 1170, Time: 00:02:29

Health: -1/40      AC:  7    Str: 21    XL:     4   Next: 45%
Magic:  3/3        EV:  8    Int:  5    God:
Gold:   181        SH:  9    Dex: 10    Spells: 0 memorised, 3 levels left

rFire  . . .     SeeInvis .     a - +0 long sword
rCold  . . .     Clarity  .     b - +0 scale mail
rNeg   . . .     SustAt   .     c - +0 shield
rPois  .         Gourm    .     (helmet restricted)
rElec  .         Spirit   .     (no cloak)
rCorr  .         Warding  .     (no gloves)
rMut   .         Stasis   .     (no boots)
MR     .....                    (no amulet)
Stlth  ..........               (no ring)
                                (no ring)

@: not resistant to hostile enchantments, extremely unstealthy
A: retaliatory headbutt, horns 2
a: no special abilities


You were on level 3 of the Dungeon.
You were not hungry.

You visited 1 branch of the dungeon, and saw 3 of its levels.

You collected 181 gold pieces.

Inventory:

Hand Weapons
 a - a +0 long sword (weapon)
Armour
 b - a +0 scale mail (worn)
 c - a +0 shield (worn)
Scrolls
 h - a scroll of identify {unknown}
 k - a scroll of magic mapping {unknown}
 n - a scroll of fear {unknown}
 q - a scroll of teleportation {unknown}
Potions
 d - 2 potions of might
 j - a potion of ambrosia {unknown}
 l - 2 potions of curing {unknown}
 m - a potion of degeneration {unknown}
 o - a potion of cancellation {unknown}
 r - a potion of haste {unknown}
 s - a potion of brilliance {unknown}
Comestibles
 e - a bread ration
 f - a beef jerky
 g - 4 meat rations
 i - 3 slices of pizza
 p - 4 chunks of flesh


   Skills:
 + Level 4.2 Fighting
 + Level 3.4 Long Blades
 + Level 4.2 Armour
 + Level 1.2 Dodging
 + Level 4.6 Shields


You had 3 spell levels left.
You didn't know any spells.

Dungeon Overview and Level Annotations

Branches:
Dungeon (3/15)

Altars:
Ashenzari
Elyvilon
Fedhas
Ru
Yredelemnul

Portals:
Sewer: D:3


Innate Abilities, Weirdness & Mutations

You reflexively headbutt those who attack you in melee.
You have a pair of horns on your head.


Message History

You closely miss the orc priest. The orc priest completely misses you.
The orc priest hits you.
* * * LOW HITPOINT WARNING * * *
You hit the orc priest but do no damage.
You headbutt the orc priest, but do no damage.
The orc priest hits you but does no damage.
You slash the orc priest!
The orc priest is heavily wounded.
You block the orc priest's attack. The orc priest closely misses you.
You furiously retaliate!
You headbutt the orc priest.
Unknown command.
You hit the orc priest.
You kill the orc priest!
Your Dodging skill increases to level 1!
You block the orc's attack.
Unknown command.
You hit the orc.
The orc is heavily wounded.
The orc hits you with a flail!
You die...

#...#### #......# #..P.P.#
#..._..## #########
#..P.P..# #........
#.......# #........
##.##....# #...≈≈≈..
#..##....###########..≈≈≈≈≈.
>..^+...........@og...≈≈∩≈≈.
.####....##########...≈≈≈≈≈.
†####....# ##...≈≈≈.%
.#.......# # #........
.#.......####...[ ....?..!.
................. .....o$..
##.....######.... .........
##.....# . ....g#####
##.....#


You could see an orc and a hobgoblin.

Vanquished Creatures
  An orc priest (D:3)
  2 adders (D:2)
  A river rat (D:3)
  A worm (D:2)
  A giant gecko (D:2)
  3 orcs (D:3)
  A ball python (D:3)
  3 goblins (D:1)
  3 hobgoblins
  A quokka (D:2)
  6 bats
  5 giant cockroaches
  A giant newt (D:2)
  4 kobolds
33 creatures vanquished.

Notes
Turn   | Place    | Note
--------------------------------------------------------------
     0 | D:1      | Peloso the Minotaur Fighter began the quest for the Orb.
     0 | D:1      | Reached XP level 1. HP: 19/19 MP: 0/0
    43 | D:1      | Found a shattered altar of Ashenzari.
   172 | D:1      | Reached XP level 2. HP: 27/27 MP: 1/1
   400 | D:1      | Reached skill level 4 in Shields
   682 | D:2      | Reached XP level 3. HP: 31/33 MP: 2/2
   872 | D:2      | Found a white marble altar of Elyvilon.
   872 | D:2      | Found a sacrificial altar of Ru.
   873 | D:2      | Found a basalt altar of Yredelemnul.
  1070 | D:3      | Found a blossoming altar of Fedhas.
  1119 | D:3      | Found a glowing drain.
  1163 | D:3      | Reached XP level 4. HP: 9/40 MP: 3/3
  1169 | D:3      | Reached skill level 1 in Dodging
  1170 | D:3      | Slain by an orc

Action                   |  1- 3 |  4- 6 || total
-------------------------+-------+-------++-------
Melee: Long sword        |    90 |     6 ||    96
  Eat: Chunk             |     1 |       ||     1
